 Dungeon Crawl Stone Soup version 0.19-a0-1341-g3513869 (webtiles) character file.

1344 inmateoo the Carver (level 8, -1/66 HPs)
             Began as a Purple Draconian Fighter on Sept 1, 2016.
             Slain by a minotaur (8 damage)
             ... created by the fury of Okawaru
             ... on level 4 of the Dungeon.
             The game lasted 00:09:47 (3732 turns).

inmateoo the Carver (Purple Draconian Fighter)      Turns: 3732, Time: 00:09:47

Health: -1/66      AC:  6    Str: 19    XL:     8   Next: 36%
Magic:  8/8        EV: 18    Int:  8    God:
Gold:   283        SH: 10    Dex: 13    Spells: 0 memorised, 7 levels left

rFire  . . .     SeeInvis .     a - +1 long sword
rCold  . . .     Gourm    .     (armour unavailable)
rNeg   . . .     Faith    .     b - +1 shield
rPois  .         Spirit   .     (helmet restricted)
rElec  .         Dismiss  .     (no cloak)
rCorr  .         Reflect  .     (no gloves)
MR     +....     Harm     .     (no boots)
Stlth  +.........               (no amulet)
                                s - +2 ring of evasion
                                r - +4 ring of evasion

@: no status effects
A: breathe power, unfitting armour, cold-blooded, AC +6
a: Breathe Dispelling Energy


You were on level 4 of the Dungeon.
You were hungry.

You visited 1 branch of the dungeon, and saw 6 of its levels.
You also visited: Ossuary.

You collected 283 gold pieces.

Inventory:

Hand Weapons
 a - a +1 long sword (weapon)
Armour
 b - a +1 shield (worn)
Jewellery
 j - an uncursed ring of protection from cold {unknown}
 r - a +4 ring of evasion (left hand)
 s - a +2 ring of evasion (right hand)
 t - an uncursed ring of positive energy {unknown}
 y - a cursed ring of stealth {unknown}
 A - an uncursed ring of resist corrosion {unknown}
Wands
 f - a wand of paralysis (11/24)
 x - a wand of enslavement (0/24)
Scrolls
 e - a scroll of immolation
 o - 2 scrolls of enchant armour
 q - a scroll of teleportation
 w - 2 scrolls of noise
 z - a scroll of identify
Potions
 g - a potion of curing {unknown}
 k - 2 potions of resistance
 m - a potion of degeneration {unknown}
 n - a potion of magic
 p - a potion of haste
 u - 2 potions of agility {unknown}
 B - a potion of might
Comestibles
 d - 3 bread rations
 h - 4 meat rations
 i - 4 slices of pizza
 l - 5 chunks of flesh
 v - 4 fruits


   Skills:
 - Level 4.0 Fighting
 * Level 8.9 Long Blades
 + Level 5.2 Dodging
 - Level 3.1 Shields


You had 7 spell levels left.
You didn't know any spells.

Dungeon Overview and Level Annotations

Branches:
Dungeon (6/15)             Temple (0/1) D:4

Altars:
Elyvilon
Okawaru
Qazlal
Yredelemnul


Innate Abilities, Weirdness & Mutations

You can breathe bolts of dispelling energy.
Your rich purple scales are hard. (AC +6)
Your body does not fit into most forms of armour.
You are cold-blooded and may be slowed by cold attacks.


Message History

Okay, then.
You hit the minotaur but do no damage. You tail-slap the minotaur.
The minotaur is lightly wounded.
The minotaur misses you.
You riposte.
You hit the minotaur.
You tail-slap the minotaur, but do no damage.
The minotaur is lightly wounded.
The minotaur closely misses you.
You hit the minotaur.
The minotaur is lightly wounded.
The minotaur completely misses you. The minotaur gores you!!
You hit the minotaur.
Your tail-slap misses the minotaur.
The minotaur is lightly wounded.
The minotaur hits you!!
* * * LOW HITPOINT WARNING * * *
The minotaur barely misses you.
Unknown command.
You feel much better. The minotaur hits you!!
* * * LOW HITPOINT WARNING * * *
The minotaur gores you!
You die...

# ##.##.##.#
###.##...#.##.# ######
......._......#######....#
###.#.!.##†#.)..........##
#.##.###.#.######.......
#....###.#............##
####.....#.#######....# ..
#.#####.#### ##.#### ..#
#.HH@......###..# #.
#.####
##########....)###...
#....# #....##...# ..##.#
#....).)# ..##.##
#....#### ..##..#
#......#### ......##
########...##....#
..###..#
#)...........###.## ..#
#..#####
##.######...#p#[....


You could see 2 minotaurs.

Vanquished Creatures
  Menkaure (D:4)
  Purgy (D:4)
  A phantom (D:6)
  2 ogres
  A centaur (D:5)
  A giant frog (D:5)
  A howler monkey (D:5)
  A crimson imp (D:5)
  2 jellies
  4 worker ants
  A killer bee zombie (D:5)
  6 big kobold zombies (Ossuary)
  A mummy (Ossuary)
  A river rat (D:5)
  5 adders
  An ooze (D:6)
  2 dart slugs
  3 giant geckos
  2 orcs
  5 spectral bats (Ossuary)
  5 ball pythons
  2 giant cockroaches
  A goblin (D:1)
  3 hobgoblins
  2 jackals
  4 kobolds (D:1)
  2 quokkas
  A bat (D:1)
  3 bat simulacra (Ossuary)
  A giant cockroach zombie (D:5)
  6 giant newts
  5 gnoll zombies (Ossuary)
  4 goblin simulacra (Ossuary)
  A goblin zombie (Ossuary)
  5 hobgoblin zombies (Ossuary)
  A jackal zombie (D:5)
  4 kobold simulacra (Ossuary)
  7 kobold zombies (Ossuary)
  3 orc zombies (Ossuary)
  A quokka skeleton (D:5)
  A quokka zombie (D:5)
  5 rats
  2 rat simulacra (Ossuary)
  3 spectral goblins (Ossuary)
  A spectral kobold (Ossuary)
  3 spectral rats (Ossuary)
118 creatures vanquished.

Vanquished Creatures (collateral kills)
  Pikel (D:5)
  An adder (D:4)
2 creatures vanquished.

Vanquished Creatures (others)
  A slave (D:4)
  An orc (D:4)
  A spectral bat (Ossuary)
  A gnoll zombie (Ossuary)
  2 orc zombies (Ossuary)
  A spectral goblin (Ossuary)
7 creatures vanquished.

Grand Total: 127 creatures vanquished

Notes
Turn   | Place    | Note
-------+----------+-------------------------------------------
     0 | D:1      | inmateoo the Draconian Fighter began the quest for the Orb.
     0 | D:1      | Reached XP level 1. HP: 19/19 MP: 1/1
   126 | D:1      | Reached XP level 2. HP: 12/26 MP: 2/2
   604 | D:4      | Noticed a slave
   606 | D:4      | Noticed a slave
   612 | D:5      | Entered Level 5 of the Dungeon
   612 | D:5      | Found a sand-covered staircase.
   627 | D:5      | Reached XP level 3. HP: 22/33 MP: 3/3
   636 | Ossuary  | Entered an ossuary
   653 | Ossuary  | Reached skill level 3 in Long Blades
   745 | Ossuary  | Reached XP level 4. HP: 39/40 MP: 4/4
   821 | Ossuary  | Reached skill level 4 in Long Blades
  1102 | Ossuary  | Reached XP level 5. HP: 46/46 MP: 5/5
  1271 | Ossuary  | Reached skill level 5 in Long Blades
  1380 | D:5      | Found a white marble altar of Elyvilon.
  1555 | D:5      | Found a stormy altar of Qazlal.
  1725 | D:5      | Reached XP level 6. HP: 45/52 MP: 6/6
  1833 | D:5      | Reached skill level 6 in Long Blades
  2210 | D:5      | Your scales start taking on a rich purple colour.
  2210 | D:5      | Reached XP level 7. HP: 58/59 MP: 7/7
  2699 | D:6      | Found an iron altar of Okawaru.
  2782 | D:6      | Became a worshipper of Warmaster Okawaru
  2821 | D:5      | Reached skill level 7 in Long Blades
  2893 | D:4      | Noticed Pikel
  2945 | D:5      | Killed Pikel
  2945 | D:5      | Was placed under penance by Okawaru
  2945 | D:5      | Fell from the grace of Okawaru
  3094 | D:6      | Reached skill level 8 in Long Blades
  3367 | D:6      | Reached XP level 8. HP: 54/66 MP: 8/8
  3370 | D:6      | Noticed an orc knight
  3515 | D:4      | Noticed Menkaure
  3530 | D:4      | Killed Menkaure
  3536 | D:4      | Found a staircase to the Ecumenical Temple.
  3544 | D:4      | Noticed Purgy
  3554 | D:4      | Killed Purgy
  3554 | D:4      | Reached skill level 5 in Dodging
  3705 | D:4      | Found a basalt altar of Yredelemnul.
  3720 | D:4      | Noticed a minotaur
  3720 | D:4      | Noticed a minotaur
  3732 | D:4      | Slain by a minotaur

Vault maps used:
D:1:      lightli_arrival_lavapool
D:2:      minmay_door_path, uniq_jessica
D:3:      okawaru_gym_becter, serial_forest, infiniplex_forest_lined_room_2,
          infiniplex_forest_lined_room_3, infiniplex_forest_lined_3,
          infiniplex_forest_lined_3, infiniplex_forest_end_2,
          infiniplex_forest_lined_2, infiniplex_forest_zigzag_1, first_bread
D:4:      nicolae_overflow_crystal_walls, overflow_temple_1_default,
          uniq_menkaure, uniq_pikel, uniq_purgy
D:5:      kennysheep_six_static_rooms, old_standard_altar, elyvilon_altar_5,
          portal_sewer_entry_e, enter_ossuary_3, st_stairs_3
D:6:      basic_altar, corner_web_ring
Ossuary:  ossuary_zaba_two_paths

Skill      XL: |  1  2  3  4  5  6  7  8 |
---------------+-------------------------+-----
Dodging        | 3 4 5 |  5.2
Long Blades    | 3 4 5 6 8 |  8.9
Fighting       | 4 |  4.0
Shields        | |  3.1

Action                   |  1- 3 |  4- 6 |  7- 9 || total
-------------------------+-------+-------+-------++-------
Melee: Long sword        |   112 |   189 |   161 ||   462
       Tailslap          |    10 |    27 |    19 ||    56
Evoke: Wand              |       |       |     1 ||     1
  Use: Potion            |     1 |     1 |     1 ||     3
       Scroll            |       |       |    12 ||    12
 Stab: Sleeping          |     2 |       |       ||     2
       Distracted        |       |     2 |       ||     2
  Eat: Chunk             |       |     3 |     5 ||     8
       Beef jerky        |       |     1 |       ||     1
Armor: Skin              |    36 |    25 |    13 ||    74
Dodge: Dodged            |    54 |    72 |    80 ||   206
Block: Shield            |    62 |    64 |    49 ||   175
